 Dungeon Crawl Stone Soup version 0.31.0-32-g396128a36d (webtiles) character file.

Game seed: 17217504574326217119

239 SacredBeard the Cutter (level 5, -3/35 HPs)
             Began as a Vampire Enchanter on Mar 31, 2024.
             Was an Initiate of Dithmenos.
             Slain by a scorpion (7 damage)
             ... on level 4 of the Dungeon.
             The game lasted 00:04:50 (2335 turns).

SacredBeard the Cutter (Vampire Enchanter)          Turns: 2335, Time: 00:04:50

Health: -3/35      AC:  5    Str:  7    XL:     5   Next: 79%
Magic:  8/8        EV: 11    Int: 20    God:    Dithmenos [......]
Gold:   200        SH:  0    Dex: 14    Spells: 8/8 levels left

rFire   . . .        a - +1 short sword (speed)
rCold   . . .        j - orb {*channel}
rNeg    . . .        r - +0 leather armour
rPois   .            (no helmet)
rElec   .            (no cloak)
rCorr   .            (no gloves)
SInv    +            o - +1 pair of boots {rampage}
Will    .....        (no amulet)
Stlth   ++           (no ring)
HPRegen 0.45/turn    (no ring)
MPRegen 0.11/turn

%: rampage, channel magic (20%)
@: lethally poisoned (-3 -> -24), healing quickly
A: alive, fangs 3, see invisible, vampiric 2
a: Exsanguinate, Renounce Religion


You were on level 4 of the Dungeon.
You worshipped Dithmenos.
Dithmenos was noncommittal.
You visited 1 branch of the dungeon, and saw 4 of its levels.

You collected 200 gold pieces.

Inventory:

Hand Weapons
 a - a +1 short sword of speed (weapon)
 f - a +0 short sword of freezing
Missiles
 g - 48 stones (quivered)
Armour
 j - an orb of energy (worn)
 o - a +1 pair of boots of rampaging (worn)
 r - a +0 leather armour (worn)
Jewellery
 u - a ring of fire
Scrolls
 d - 5 scrolls of teleportation {unknown}
 l - a scroll of poison {unknown}
 m - 5 scrolls of identify {unknown}
 p - a scroll of torment {unknown}
 q - 3 scrolls of vulnerability {unknown}
 v - a scroll of noise {unknown}
 w - a scroll of enchant weapon {unknown}
Potions
 b - a potion of lignification {unknown}
 c - 2 potions of invisibility
 e - 2 potions of curing {unknown}
 h - a potion of cancellation {unknown}
 i - a potion of heal wounds {unknown}
 k - a potion of brilliance {unknown}
 n - a potion of mutation {unknown}
 s - a potion of attraction {unknown}
 t - a potion of ambrosia {unknown}


   Skills:
 * Level 6.4 Short Blades
 - Level 2.1 Dodging
 - Level 4.4 Stealth
 - Level 2.0 Spellcasting
 - Level 4.4 Hexes


You had 8 spell levels left.
You didn't know any spells.
Your spell library contained the following spells:

 Spells                   Type           Power      Damage    Failure   Level
 Jinxbite                 Hex            38%        N/A       17%         2
 Confusing Touch          Hex            19%        N/A       28%         3
 Tukima's Dance           Hex            19%        N/A       28%         3
 Ensorcelled Hibernation  Hex/Ice        20%        N/A       32%         2
 Apportation              Tloc           4%         N/A       45%         1
 Summon Small Mammal      Summ           8%         N/A       45%         1
 Dazzling Flash           Conj/Hex       20%        N/A       50%         3
 Call Canine Familiar     Summ           2%         N/A       77%         3
 Brom's Barrelling Bould  Conj/Erth      2%         2d3       98%         4
 Summon Blazeheart Golem  Fire/Summ      2%         N/A       98%         4
 Alistair's Intoxication  Alch           1%         N/A       100%        5
 Fireball                 Conj/Fire      1%         3d3       100%        5
 Iskenderun's Battlesphe  Conj           2%         2d6       100%        5
 Conjure Ball Lightning   Conj/Air       1%         3x3d6     100%        6
 Orb of Destruction       Conj           1%         9d5       100%        7


Dungeon Overview and Level Annotations

Branches:
Dungeon (4/15)
 Temple: D:4-7

Altars:
Dithmenos
Uskayaw


Innate Abilities, Weirdness & Mutations

Your natural rate of healing is accelerated.
You have razor-sharp teeth.
You have supernaturally acute eyesight. (SInv)
You are afflicted with vampirism and can become a bat while bloodless.


Message History

The scorpion is lightly wounded.
You feel sick.
You puncture the scorpion!
You bite the scorpion, but do no damage.
The scorpion is heavily wounded.
You feel sick. The scorpion barely misses you.
You closely miss the scorpion.
You bite the scorpion, but do no damage.
The scorpion is heavily wounded.
You hit the scorpion.
The scorpion is heavily wounded.
You feel sick.
The scorpion stings you but does no damage.
You hit the scorpion. Your bite misses the scorpion.
The scorpion is severely wounded.
You feel sick.
You hit the scorpion but do no damage.
The scorpion is severely wounded.
The scorpion stings you.
You are lethally poisoned!
The scorpion poisons you!
You hit the scorpion but do no damage.
The scorpion is severely wounded.
You feel sick.
You completely miss the scorpion. Your bite misses the scorpion.
The scorpion is severely wounded.
You feel sick. The scorpion stings you.
* * * LOW HITPOINT WARNING * * *
You are more poisoned.
The scorpion poisons you!
You hit the scorpion.
The scorpion is almost dead.
* * * LOW HITPOINT WARNING * * *
You feel very sick.
You hit the scorpion but do no damage.
The scorpion is almost dead.
* * * LOW HITPOINT WARNING * * *
You feel very sick. The scorpion stings you!
You die...

####).##.8
##..##
#.~##..
##≈.#
##.##.!
##.#
#..#.. #..
#.##.# ##.
#.#..# #.
#.#..# #.
#.#sS# #.
#.@#..# ..
##.##..#
.#
#..##S..
.#
##..##.8..
# ...#####
# #..~. #
.~..≈
#...~


You could see a scorpion and a ball python.

Vanquished Creatures
  An ogre (D:4)
  A jelly (D:4)
  A hound (D:4)
  4 adders
  3 orcs
  2 bats (D:1)
  6 endoplasms
  6 giant cockroaches
  7 goblins
  2 hobgoblins
  6 kobolds
  4 quokkas
  3 ball pythons
  3 rats
49 creatures vanquished.

Notes
Turn   | Place    | Note
-------+----------+-------------------------------------------
     0 | D:1      | SacredBeard the Vampire Enchanter began the quest for the
                  | Orb.
     0 | D:1      | Reached XP level 1. HP: 13/13 MP: 3/3
     1 | D:1      | Noticed a yellow draconian
     2 | D:1      | Noticed a purple draconian
     4 | D:1      | Noticed a tentacled monstrosity
     4 | D:1      | Noticed a tentacled monstrosity
     7 | D:1      | Noticed an iron dragon
     8 | D:1      | Noticed a tentacled monstrosity
     9 | D:1      | Noticed a tentacled monstrosity
    11 | D:1      | Noticed an orb of fire
    11 | D:1      | Noticed an ice dragon
    13 | D:1      | Noticed an ice dragon
    15 | D:1      | Noticed an ice dragon
    15 | D:1      | Noticed an orb of fire
    15 | D:1      | Noticed an iron dragon
    17 | D:1      | Noticed an iron dragon
    17 | D:1      | Noticed a red draconian
    17 | D:1      | Noticed an ice dragon
    19 | D:1      | Noticed an orb of fire
    19 | D:1      | Noticed an iron dragon
   107 | D:1      | Reached skill level 2 in Short Blades
   157 | D:1      | Reached XP level 2. HP: 14/19 MP: 5/5
   561 | D:2      | Reached skill level 3 in Short Blades
   666 | D:2      | Gained mutation: You are afflicted with vampirism and can
                  | become a bat while bloodless. [Vampire growth]
   666 | D:2      | Reached XP level 3. HP: 8/24 MP: 6/6
   856 | D:2      | Found a faded altar of an unknown god.
   927 | D:2      | Reached skill level 4 in Short Blades
  1340 | D:3      | Found a shadowy altar of Dithmenos.
  1344 | D:3      | Became a worshipper of Dithmenos the Shadowed
  1777 | D:4      | Reached XP level 4. HP: 30/30 MP: 7/7
  1869 | D:4      | Found a hide-covered altar of Uskayaw.
  2058 | D:4      | Noticed an ogre
  2067 | D:4      | Killed an ogre
  2068 | D:4      | Reached skill level 5 in Short Blades
  2068 | D:4      | Reached XP level 5. HP: 2/35 MP: 8/8
  2159 | D:4      | Reached skill level 6 in Short Blades
  2335 | D:4      | Slain by a scorpion

Illustrated notes

Levels and vault maps discovered:
D:1:      shiori_arrival_whats_in_store_for_you, layout_rooms
D:2:      layout_rooms, hellmonk_ecumenical_altar_arch_garden
D:3:      layout_loops_ring, marbit_many_paths
D:4:      layout_loops_cross, amcnicky_altar_gilded,
          serial_library_hellmonk_small_alcove, eino_tiny_chamber,
          nzn_random_ring

Skill      XL: |  1  2  3  4  5 |
---------------+----------------+-----
Short Blades   | 2 3 4 5 6 |  6.4
Dodging        | |  2.1
Stealth        | |  4.4
Spellcasting   | |  2.0
Hexes          | |  4.4

Action                     |  1- 3 |  4- 6 || total
---------------------------+-------+-------++-------
  Melee: Dagger            |    11 |       ||    11
         Short sword       |   118 |    86 ||   204
         Bite              |    10 |    11 ||    21
   Stab: Sleeping          |    11 |     2 ||    13
 Armour: Robe              |    36 |       ||    36
         Leather armour    |     4 |    26 ||    30
  Dodge: Dodged            |    34 |    18 ||    52
